 Dungeon Crawl Stone Soup version 0.23-a0-644-gb60d84b (webtiles) character file.

20 Borgoz the Skirmisher (level 2, 0/27 HPs)
             Began as a Ghoul Abyssal Knight on Jan 1, 2019.
             Was an Initiate of Lugonu.
             Slain by a hippogriff (2 damage)
             ... on level 1 of the Dungeon.
             The game lasted 00:01:46 (903 turns).

Borgoz the Skirmisher (Ghoul Abyssal Knight)         Turns: 903, Time: 00:01:47

Health: 0/27       AC:  7    Str: 15    XL:     2   Next: 79%
Magic:  2/2        EV:  9    Int:  7    God:    Lugonu [......]
Gold:   125        SH:  0    Dex:  8    Spells: 1/1 levels left

rFire    . . .     SeeInvis .   a - +2 hand axe
rCold    + . .     Gourm    .   (no shield)
rNeg     + + +     Faith    .   h - +0 scale mail
rPois    ∞         Spirit   .   k - +0 helmet (curse)
rElec    .         Reflect  .   (no cloak)
rCorr    .         Harm     .   (no gloves)
MR       .....                  (no boots)
Stlth    ..........             (no amulet)
HPRegen  0.00/turn              (no ring)
MPRegen  0.08/turn              (no ring)

@: rotting
A: rotting body, claws 1, carnivore, cold resistance 1, negative energy
resistance 3, inhibited regeneration, torment resistance, unbreathing
a: Renounce Religion


You were on level 1 of the Dungeon.
You worshipped Lugonu.
Lugonu was noncommittal.
You were not hungry.

You visited 1 branch of the dungeon, and saw 2 of its levels.
You visited the Abyss 1 time.

You collected 125 gold pieces.

Inventory:

Hand Weapons
 a - a +2 hand axe (weapon)
Armour
 h - a +0 scale mail (worn)
 k - a cursed +0 helmet (worn)
Scrolls
 e - 2 scrolls of enchant armour {unknown}
 f - a scroll of teleportation {unknown}
 g - a scroll of remove curse {unknown}
Comestibles
 c - 3 rations


   Skills:
 + Level 3.9 Fighting
 + Level 2.0 Axes
 + Level 1.9 Armour
 + Level 1.0 Dodging
 + Level 2.0 Invocations


You had one spell level left.
You didn't know any spells.
Your spell library was empty.

Dungeon Overview and Level Annotations

Branches:
Dungeon (2/15)

Altars:


Innate Abilities, Weirdness & Mutations

Your body is rotting away.
You thrive on raw meat.
You are immune to poison.
You have sharp fingernails.
You are carnivorous and can eat meat at any time.
Your flesh is cold resistant. (rC+)
You are immune to negative energy. (rN+++)
You do not regenerate when monsters are visible.
You are immune to unholy pain and torment.
You can survive without breathing.


Message History

Okay, then.
The hippogriff bites you but does no damage.
The hippogriff barely misses you.
The hippogriff claws you but does no damage.
There is an escape hatch in the ceiling here.
The hippogriff bites you.
* * * LOW HITPOINT WARNING * * *
The hippogriff misses you. The hippogriff claws you.
* * * LOW HITPOINT WARNING * * *
A mysterious force pulls you upwards. The hatch slams shut behind you.
The hippogriff closely misses you. The hippogriff pecks you.
* * * LOW HITPOINT WARNING * * *
The hippogriff claws you.
* * * LOW HITPOINT WARNING * * *
You aren't carrying any potions.
As you read the scroll labeled BAGURR MOUBB, it crumbles to dust.
It is a scroll of enchant weapon.
Your +1 hand axe glows red for a moment.
The hippogriff bites you.
You die...

### #.......
##.###########......#
##...##.............##
#...............##.##
##...##.############
#######.###.#
#.........#.#
#.#####.#.#.# #.#
#.#@#.#
#.#####.#H#.#######
#.##....#.#.......#
#.##.#...........(##
#.##.........###...##
#.###.###.##.##.....####
#.# #.# #.##.##........#
#.###.###.##.##.....##.#
#.........##.###...###.#


You could see a hippogriff.

Vanquished Creatures
  An ooze (D:1)
  3 giant cockroaches (D:1)
  A hobgoblin (D:1)
  2 kobolds (D:1)
  7 bats (D:1)
  2 rats (D:1)
16 creatures vanquished.

Notes
Turn   | Place    | Note
-------+----------+-------------------------------------------
     0 | Abyss:1  | Borgoz the Ghoul Abyssal Knight began the quest for the
                  | Orb.
     0 | Abyss:1  | Reached XP level 1. HP: 19/19 MP: 1/1
    81 | Abyss:2  | Noticed a water elemental
    81 | Abyss:2  | Noticed a hellion
    82 | D:1      | Escaped the Abyss
   134 | D:1      | Reached skill level 1 in Dodging
   349 | D:1      | Reached XP level 2. HP: 21/26 MP: 2/2
   867 | D:2      | Noticed a hippogriff
   903 | D:1      | Slain by a hippogriff

Vault maps used:
D:1:      nicolae_arrival_washed_ashore
D:2:      lemuel_doored_altar
Abyss:2:  guppyfry_abyss_exit_glass_guarded

Skill      XL: |  1  2 |
---------------+-------+-----
Dodging        | 1 |  1.0
Axes           | 2 |  2.0
Fighting       | |  3.9
Armour         | |  1.9
Invocations    | |  2.0

Action                   || total
-------------------------++-------
Melee: Hand axe          ||    52
Invok: Depart the Abyss  ||     1
  Use: Scroll            ||     1
       Potion            ||     1
  Eat: Chunk             ||     2
Armor: Leather armour    ||    13
       Scale mail        ||    32
Dodge: Dodged            ||    57

Table legend:
 A = Non-vault XP
 B = Vault XP
 C = Vault XP percentage of total XP
 D = Non-vault monster count
 E = Vault monster count
 F = Vault count percentage of total count
                 A         B        C        D         E       F
            +---------+---------+-------+---------+---------+-------
      Total |      29 |       0 |   0.0 |      16 |       0 |   0.0
            +---------+---------+-------+---------+---------+-------
        D:1 |      29 |       0 |   0.0 |      16 |       0 |   0.0
            +---------+---------+-------+---------+---------+-------
